AoeStats
← Rene

Arena

509874814Analyzed
1v1 RM · 3d ago on Sep 28, 2026· 33m 54s· 2 players
Game mode
Random Map
Map size
Tiny (2 player)
Population
200
Speed
Normal
Resources
Standard
Victory
Conquest
Starting age
Dark Age
Ending age
Imperial Age
RankedLock teamsTeams togetherTeam positionsShared explorationLock speedFull tech treeHidden civsTurbo modeCheats
Victory
Defeat
🇳🇱 Bohemians · Netherlands
1215
+15
🇺🇸 Bohemians · United States
1185
-15
Ultros
9:33 Feudal Age
9:58 Loom
13:30 Castle Age
12:04 Double-Bit Axe
14:37 Bow Saw
17:26 Light Cavalry
19:54 Pikeman
23:13 Husbandry
24:21 Horse Collar
25:26 Heavy Plow
29:38 Imperial Age
28:43 Wheelbarrow
28:46 Ballistics
28:03 Elite Skirmisher
28:34 Fletching
28:45 Padded Archer Armor
28:34 Town Watch
31:09 Hand Cart
31:10 Leather Archer Armor
31:39 Bodkin Arrow
33:10 Chemistry
33:40 Block Printing
33:51 Conscription
Rene
10:43 Feudal Age
12:12 Double-Bit Axe
14:48 Castle Age
13:14 Horse Collar
20:40 Bow Saw
22:09 Heavy Plow
30:18 Imperial Age
28:28 Wheelbarrow
27:38 Loom
27:41 Town Watch
29:54 Chemistry
28:59 Padded Archer Armor
29:53 Hand Cart
29:58 Leather Archer Armor
31:35 Ring Archer Armor
31:11 Siege Engineers
31:48 Conscription
32:48 Two-Man Saw
Connection lost

Rejoining the realm…

Still unreachable

The connection could not be restored.

Session expired

The server has moved on; the page needs a fresh start.